 Dungeon Crawl Stone Soup version 0.18.1-48-g4cf74bf (webtiles) character file.

13552 Inkary the Blocker (level 11, -20/99 HPs)
             Began as a Minotaur Fighter on July 20, 2016.
             Was a High Priest of Okawaru.
             Demolished by an ogre
             ... wielding a +0 giant spiked club
              (28 damage)
             ... on level 1 of the Orcish Mines.
             The game lasted 00:43:28 (11971 turns).

Inkary the Blocker (Minotaur Fighter)              Turns: 11971, Time: 00:43:28

Health: -20/99     AC: 11    Str: 25    XL:     11   Next: 77%
Magic:  16/16      EV: 10    Int:  5    God:    Okawaru [*****.]
Gold:   798        SH: 15    Dex:  9    Spells: 0 memorised, 10 levels left

rFire  . . .     SeeInvis .     H - +2 war axe (vamp)
rCold  . . .     Gourm    .     M - +2 troll leather armour
rNeg   . . .     Faith    .     c - +0 shield
rPois  .         Spirit   .     (helmet restricted)
rElec  .         Dismiss  .     (no cloak)
rCorr  +         Reflect  +     (no gloves)
SustAt .         Harm     .     q - +2 pair of boots
MR     .....                    A - +3 amulet of reflection
Stlth  +.........               a - ring of resist corrosion
                                E - ring of flight

@: not resistant to hostile enchantments, very unstealthy
A: retaliatory headbutt, horns 2
a: Heroism, Finesse, Renounce Religion, Evoke Flight


You were on level 1 of the Orcish Mines.
You worshipped Okawaru.
Okawaru was extremely pleased with you.
You were not hungry.

You visited 3 branches of the dungeon, and saw 14 of its levels.
You also visited: Sewer.

You collected 1315 gold pieces.
You spent 517 gold pieces at shops.

Inventory:

Hand Weapons
 v - a +0 hand axe of freezing
 H - a +2 vampiric war axe (weapon)
Armour
 c - a +0 shield (worn)
 q - a +2 pair of boots (worn)
 M - a +2 troll leather armour (worn)
 N - a +1 leather armour of fire resistance
Jewellery
 a - a ring of resist corrosion (right hand)
 A - a +3 amulet of reflection (around neck)
 E - a ring of flight (left hand)
Wands
 e - a wand of hasting (7/9)
 t - a wand of teleportation (0/9)
 w - a wand of lightning (5/15)
 I - a wand of teleportation (1/9)
 J - a wand of confusion (22/48)
 L - a wand of hasting (2/9)
Scrolls
 b - a scroll of enchant weapon
 i - 3 scrolls of teleportation
 j - a scroll of amnesia
 l - a scroll of fog
 p - a scroll of blinking
 r - 2 scrolls of recharging
 u - 2 scrolls of remove curse
Potions
 d - 2 potions of might
 o - 4 potions of brilliance
 x - a potion of beneficial mutation
 C - 3 potions of curing
 D - a potion of agility
 G - 2 potions of cure mutation
Comestibles
 f - 8 bread rations
 k - 4 meat rations
 n - 10 fruits
 z - 3 beef jerkies


   Skills:
 + Level 10.0 Fighting
 * Level 9.1(9.9) Axes
   Level 6.0(8.4) Polearms
 - Level 9.0 Armour
 + Level 1.6 Dodging
 + Level 10.1 Shields
 - Level 9.0 Invocations
 - Level 5.0 Evocations


You had 10 spell levels left.
You didn't know any spells.

Dungeon Overview and Level Annotations

Branches:
Dungeon (11/15)            Temple (1/1) D:5            Lair (0/8) D:8
    Orc (2/2) D:10            Elf (0/3) Orc:2

Altars:
Ashenzari
Cheibriados
Dithmenos
Elyvilon
Fedhas
Kikubaaqudgha
Makhleb
Nemelex Xobeh
Okawaru
Pakellas
Qazlal
Ru
Sif Muna
Trog
Vehumet
Xom
Yredelemnul
Zin
The Shining One

Shops:
D:5 !   D:9 *   Orc:2 :

Annotations:
D:4 Typee's ghost, amateur OpCj
D:9 Erica
D:11 theElss's ghost, journeyman HECj


Innate Abilities, Weirdness & Mutations

You reflexively headbutt those who attack you in melee.
You have a pair of horns on your head.


Message History

You block the troll's attack. The two-headed ogre barely misses you.
You block the two-headed ogre's attack.
Unknown command.
You slash the two-headed ogre!
You feel better.
The two-headed ogre is severely wounded.
You hit the ogre.
The ogre is lightly wounded.
You barely miss the troll.
The ogre hits you with a giant spiked club!!
* * * LOW HITPOINT WARNING * * *
You block the troll's attack. The troll completely misses you.
The troll claws you!
* * * LOW HITPOINT WARNING * * *
Drink which item? (? for menu, Esc to quit)
You feel better.
You block the two-headed ogre's attack. x2
The troll bites you.
* * * LOW HITPOINT WARNING * * *
The troll claws you but does no damage. The troll closely misses you.
The ogre hits you with a giant spiked club!!
You die...

##...## ##.....#
####......#
###.#......##
##...........#
#............#
##.#........##
##.#......)T)#
##.........O@.#
##.#...#....)O##
##.............#
#...#...#.#.#.##
##.##...##...##
#####...##..##
##.###...# ###
##.## ###


You could see a troll, a two-headed ogre and an ogre.

Vanquished Creatures
  A stone giant (Orc:1)
  Erolcha (D:9)
  Pikel (D:9)
  2 hill giants (D:10)
  An orc sorcerer (Orc:2)
  Joseph (D:9)
  3 komodo dragons (D:8)
  4 trolls
  Grinder (D:4)
  A wyvern (D:8)
  A vampire (D:10)
  2 hungry ghosts (D:9)
  3 wargs (D:10)
  A soldier ant (D:9)
  A water moccasin (D:9)
  A swamp drake (D:8)
  2 ice beasts
  16 orc warriors
  A wasp (D:7)
  4 slaves (D:9)
  2 black bears
  2 sky beasts
  10 ogres
  A necrophage (D:10)
  A phantom (D:9)
  4 crocodiles
  A centaur (D:10)
  A big kobold (D:6)
  Blork the orc (D:4)
  9 giant frogs
  A scorpion (D:11)
  6 killer bees
  4 howler monkeys (D:10)
  3 giant frog zombies
  A jelly (D:10)
  5 crimson imps
  A quasit (D:10)
  2 hounds
  11 orc wizards
  16 orc priests
  2 centaur skeletons
  A giant frog skeleton (D:9)
  6 iguanas
  11 worker ants
  2 hound zombies
  A hound skeleton (D:5)
  A worker ant zombie (D:5)
  4 gnolls
  13 adders
  3 shadow imps
  2 oozes
  3 adder skeletons
  An adder zombie (D:5)
  A worm (D:1)
  14 giant geckos
  45 orcs
  10 bats
  15 giant cockroaches
  5 goblins
  6 hobgoblins
  13 jackals
  2 ball pythons
  A giant gecko skeleton (D:5)
  11 giant newts
  25 kobolds
  5 rats
  A spectral orc (D:5)
334 creatures vanquished.

Vanquished Creatures (others)
  2 centaurs
2 creatures vanquished.

Grand Total: 336 creatures vanquished

Notes
Turn   | Place    | Note
--------------------------------------------------------------
     0 | D:1      | Inkary the Minotaur Fighter began the quest for the Orb.
     0 | D:1      | Reached XP level 1. HP: 19/19 MP: 0/0
    64 | D:1      | Reached XP level 2. HP: 21/27 MP: 1/1
   701 | D:2      | Reached XP level 3. HP: 33/33 MP: 2/2
  1278 | D:3      | Found a glowing drain.
  1288 | D:3      | Reached XP level 4. HP: 37/40 MP: 3/3
  1301 | Sewer    | Entered a sewer
  1549 | Sewer    | Noticed a giant frog
  1551 | Sewer    | Noticed a giant frog
  1561 | Sewer    | Killed a giant frog
  1561 | Sewer    | Reached skill level 5 in Armour
  1561 | Sewer    | Reached XP level 5. HP: 3/47 MP: 4/4
  1899 | D:3      | Reached skill level 5 in Shields
  2109 | D:3      | Reached XP level 6. HP: 55/55 MP: 5/5
  2310 | D:4      | Reached skill level 5 in Fighting
  2310 | D:4      | Reached skill level 1 in Polearms
  2488 | D:4      | Noticed Typee's ghost (amateur OpCj)
  2812 | D:4      | HP: 2/56 [Typee's ghost (6)]
  3535 | D:4      | Noticed Grinder
  3535 | D:4      | Noticed Blork the orc
  3552 | D:4      | Killed Blork the orc
  3572 | D:4      | Killed Grinder
  3572 | D:4      | Reached XP level 7. HP: 35/62 MP: 6/6
  3807 | D:4      | You fall through a shaft for 3 floors!
  4223 | D:6      | Reached XP level 8. HP: 68/71 MP: 7/7
  4536 | D:5      | Entered Level 5 of the Dungeon
  5029 | D:5      | Found Nurono's Distillery.
  5057 | D:5      | Bought a potion of heal wounds for 55 gold pieces
  5057 | D:5      | Bought a potion of curing for 33 gold pieces
  5057 | D:5      | Bought 2 potions of might for 88 gold pieces
  5057 | D:5      | Bought a potion of curing for 33 gold pieces
  5057 | D:5      | Bought a potion of curing for 33 gold pieces
  5114 | D:5      | Found a basalt altar of Yredelemnul.
  5210 | D:5      | Bought a potion of agility for 44 gold pieces
  5223 | D:5      | Found a burning altar of Makhleb.
  5471 | D:5      | Reached skill level 5 in Polearms
  5516 | D:5      | Found a staircase to the Ecumenical Temple.
  5629 | Temple   | Entered the Ecumenical Temple
  5668 | Temple   | Became a worshipper of Warmaster Okawaru
  6264 | D:7      | Reached XP level 9. HP: 81/81 MP: 8/8
  6496 | D:8      | Reached * piety under Okawaru
  6785 | D:8      | Found a shattered altar of Ashenzari.
  7134 | D:8      | Reached skill level 5 in Axes
  7179 | D:8      | Noticed a komodo dragon
  7186 | D:8      | Killed a komodo dragon
  7192 | D:8      | Noticed a komodo dragon
  7208 | D:8      | Killed a komodo dragon
  7208 | D:8      | Reached ** piety under Okawaru
  7212 | D:8      | Found a staircase to the Lair.
  7277 | D:8      | Noticed a komodo dragon
  7292 | D:8      | Killed a komodo dragon
  7484 | D:9      | Noticed a troll
  7484 | D:9      | Noticed a troll
  7780 | D:8      | Killed a troll
  7803 | D:8      | Killed a troll
  7803 | D:8      | Reached XP level 10. HP: 74/88 MP: 12/12
  7867 | D:9      | Reached skill level 5 in Invocations
  7946 | D:9      | Reached *** piety under Okawaru
  8020 | D:9      | Found a runed door.
  8079 | D:9      | Reached skill level 5 in Evocations
  8157 | D:9      | Found a runed door.
  8300 | D:9      | Noticed Erolcha
  8323 | D:9      | Killed Erolcha
  8324 | D:9      | Noticed Pikel
  8410 | D:9      | Found Kiufin's Assorted Antiques.
  8437 | D:9      | Bought a potion of heal wounds for 165 gold pieces
  8437 | D:9      | Bought a scroll of identify for 66 gold pieces
  8465 | D:9      | Noticed Erica
  8556 | D:9      | Noticed Joseph
  8568 | D:9      | Killed Joseph
  8568 | D:9      | Reached **** piety under Okawaru
  8933 | D:9      | Killed Pikel
  9127 | D:10     | Entered Level 10 of the Dungeon
  9795 | D:10     | Noticed a hill giant
  9803 | D:10     | Killed a hill giant
  9803 | D:10     | Reached XP level 11. HP: 88/95 MP: 13/16
  9863 | D:10     | Found a staircase to the Orcish Mines.
 10305 | D:10     | Noticed a hill giant
 10318 | D:10     | Killed a hill giant
 10736 | D:11     | Noticed theElss's ghost (journeyman HECj)
 10951 | Orc:1    | Entered Level 1 of the Orcish Mines
 10951 | Orc:1    | Noticed a stone giant
 11303 | Orc:1    | Killed a stone giant
 11387 | Orc:1    | Reached ***** piety under Okawaru
 11653 | Orc:2    | Entered Level 2 of the Orcish Mines
 11690 | Orc:2    | Reached skill level 10 in Shields
 11731 | Orc:2    | Noticed an orc sorcerer
 11747 | Orc:2    | Killed an orc sorcerer
 11747 | Orc:2    | Reached skill level 10 in Fighting
 11747 | Orc:2    | Reached skill level 1 in Dodging
 11842 | Orc:2    | Found a staircase to the Elven Halls.
 11879 | Orc:2    | Found Azxaelam's Book Emporium.
 11970 | Orc:1    | HP: 2/99 [troll (13)]
 11971 | Orc:1    | Demolished by an ogre

Skill      XL: |  1  2  3  4  5  6  7  8  9 10 11 |
---------------+----------------------------------+-----
Axes           | 3 4 5 9 |  9.1
Shields        | 4 5 6 7 8 10 | 10.1
Armour         | 4 5 6 7 8 9 |  9.0
Fighting       | 4 5 6 7 8 10 | 10.0
Polearms       | 2 4 5 6 |  6.0
Invocations    | 4 9 |  9.0
Evocations     | 4 5 |  5.0
Dodging        | 1 |  1.6

Action                   |  1- 3 |  4- 6 |  7- 9 | 10-12 || total
-------------------------+-------+-------+-------+-------++-------
Melee: War axe           |   118 |    85 |    81 |   468 ||   752
       Headbutt          |    12 |    24 |    83 |    99 ||   218
       Spear             |       |   128 |   329 |       ||   457
       Hand axe          |       |       |       |    77 ||    77
Invok: Heroism           |       |       |       |    15 ||    15
       Finesse           |       |       |       |     1 ||     1
Evoke: Wand              |       |       |     1 |     6 ||     7
  Use: Potion            |       |     5 |     1 |    14 ||    20
       Scroll            |       |     5 |     6 |    21 ||    32
  Eat: Chunk             |     1 |     6 |    12 |    13 ||    32
       Bread ration      |       |     1 |       |     1 ||     2
       Royal jelly       |       |     1 |     1 |       ||     2
       Fruit             |       |       |     1 |     1 ||     2
       Pizza             |       |       |     2 |       ||     2
       Beef jerky        |       |       |     1 |     4 ||     5
       Meat ration       |       |       |       |     1 ||     1
Armor: Scale mail        |    87 |    76 |    98 |       ||   261
       Skin              |       |    22 |       |       ||    22
       Troll leather arm |       |       |       |   126 ||   126
Dodge: Dodged            |    49 |    46 |    88 |   162 ||   345
Block: Shield            |    70 |   100 |   182 |   396 ||   748
       Reflection        |       |       |     2 |    21 ||    23
